 Dungeon Crawl Stone Soup version 0.29.1-15-g9cfb28693d (webtiles) character file.

Game seed: 3211678957141163003

5036 BuddhaDhamma the Severer (level 10, -8/115 HPs)
             Began as a Minotaur Berserker on Feb 28, 2023.
             Was an Elder of Trog.
             Killed by vampiric draining
             ... invoked by a vampire
              (10 damage)
             ... on level 9 of the Dungeon.
             The game lasted 00:19:40 (10532 turns).

BuddhaDhamma the Severer (Minotaur Berserker)      Turns: 10532, Time: 00:19:40

Health: -8/115     AC: 13    Str: 25    XL:     10   Next: 30%
Magic:  0/9        EV: 11    Int:  4    God:    Trog [****..]
Gold:   421        SH:  0    Dex: 11    Spells: 9/9 levels left

rFire   . . .      SeeInvis .   w - +0 war axe
rCold   . . .      Faith    .   (no shield)
rNeg    . . .      Spirit   +   k - +1 plate armour
rPois   .          Reflect  .   (helmet restricted)
rElec   .          Harm     .   (no cloak)
rCorr   .          Rampage  .   (no gloves)
Will    .....                   z - +0 pair of boots
Stlth   ..........              g - amulet of guardian spirit
HPRegen 0.29/turn               m - +4 ring of evasion
MPRegen 0.11/turn               (no ring)

@: berserking, very quick
A: horns 2, retaliatory headbutt
a: Renounce Religion, Berserk, Trog's Hand, Brothers in Arms


You were on level 9 of the Dungeon.
You worshipped Trog.
Trog was greatly pleased with you.
You visited 1 branch of the dungeon, and saw 9 of its levels.
You also visited: Sewer.

You collected 421 gold pieces.

Inventory:

Hand Weapons
 w - a +0 war axe (weapon)
Missiles
 y - 2 silver javelins (quivered)
Armour
 k - a +1 plate armour (worn)
 z - a +0 pair of boots (worn)
Jewellery
 g - an amulet of guardian spirit (around neck)
 m - a +4 ring of evasion (left hand)
Wands
 d - a wand of paralysis (8)
 n - a wand of quicksilver (5)
 r - a wand of polymorph (7)
 t - a wand of iceblast (8)
 x - a wand of flame (11)
Scrolls
 b - a scroll of fear
 c - 6 scrolls of teleportation
 h - 8 scrolls of identify
 u - a scroll of fog
 v - a scroll of magic mapping
Potions
 a - a potion of degeneration
 e - 4 potions of lignification
 f - 4 potions of curing
 i - a potion of brilliance
 j - a potion of resistance
 l - 4 potions of haste
 o - a potion of flight
 p - 2 potions of invisibility
 q - a potion of mutation {unknown}
 s - a potion of magic {unknown}
 A - a potion of ambrosia {unknown}


   Skills:
 - Level 3.6 Fighting
 + Level 17.9 Axes
 - Level 2.4 Armour
 - Level 2.1 Dodging


You had 9 spell levels left.
You didn't know any spells.
Your spell library was empty.

Dungeon Overview and Level Annotations

Branches:
Dungeon (9/15)             Temple (0/1) D:7             Orc (0/2) D:9
  Sewer (visited)
   Lair: D:8-11

Altars:
Nemelex Xobeh


Innate Abilities, Weirdness & Mutations

You have a pair of horns on your head.
You reflexively headbutt those who attack you in melee.


Message History

Something hits you but does no damage. Something bites you.
Something draws strength from your injuries!
You hit something but do no damage. Something hits you but does no damage.
Something bites you but does no damage.
You slice something!! You hit something. Something draws life force from you.
You miss something. You headbutt something.
Something draws life force from you!!
You barely miss something. You slash something!
Something draws life force from you!
You closely miss something. Something hits you but does no damage.
Something bites you.
Something draws strength from your injuries!
You closely miss something. You hit something but do no damage.
Something hits you.
* * * LOW HITPOINT WARNING * * *
Something completely misses you.
A red film seems to cover your vision as you go berserk!
You feel yourself moving faster!
You feel mighty! Something draws life force from you!
* * * LOW HITPOINT WARNING * * *
You barely miss something. Your headbutt misses something.
You hear some strange, mumbled words.
Something tries to affect you, but you resist.
You closely miss something. Your headbutt misses something.
You slash something! Your headbutt misses something.
Something hits you but does no damage. Something bites you but does no damage.
You closely miss something. You barely miss something. You headbutt something.
You barely miss something. Something hits you!
* * * LOW HITPOINT WARNING * * *
Something bites you!
* * * LOW HITPOINT WARNING * * *
Something draws strength from your injuries!
You slash something! You barely miss something.
Something draws life force from you!
* * * LOW HITPOINT WARNING * * *
You barely miss something. You miss something.
Something draws life force from you!
You die...

# #...
#.#...##.#.........<
###.#.#.......[....... ..
#.....#.............##
....#.#.###..#.#..#.#####
#.............#..#.#
....#.#.###.......#.# ###
#.....#........
###.#.#.........
#.#@{.........#
#.###.#...#. ... ... .".
... ##... . ##.. ...# ..
...# .## ##


There were no monsters in sight!

Vanquished Creatures
  Pikel (D:7)
  A troll (D:7)
  Sigmund (D:6)
  2 wyverns
  Grum (D:8)
  Duvessa (D:7)
  3 orc warriors
  3 ice beasts
  3 ogres
  4 wolves (D:8)
  3 lemures (D:7)
  3 centaurs
  A phantom (D:5)
  A necrophage (D:4)
  Blork the orc (D:6)
  2 bullfrogs (D:8)
  2 scorpions (D:4)
  4 wights (D:6)
  Dowan (D:7)
  6 killer bees (D:6)
  A howler monkey (D:5)
  A vampire bat (D:5)
  6 jellies
  A gnoll bouda (D:7)
  5 orc priests
  5 hounds
  4 iguanas
  8 orc wizards
  6 gnolls
  11 adders
  A river rat (Sewer)
  A shadow imp (D:7)
  A white imp (D:8)
  5 worms
  5 dart slugs
  3 fire bats (D:5)
  23 orcs
  2 spectral bats (D:5)
  11 ball pythons
  10 bats
  3 bat skeletons (D:5)
  A bat zombie (D:5)
  13 endoplasms
  4 giant cockroaches
  6 hobgoblins
  4 jackals (D:2)
  8 kobolds
  11 quokkas
  A bat simulacrum (D:5)
  6 frilled lizards
  9 goblins
  10 rats
230 creatures vanquished.

Vanquished Creatures (collateral kills)
  A lemure (D:7)
1 creature vanquished.

Vanquished Creatures (others)
  An orc wizard (D:8)
1 creature vanquished.

Grand Total: 232 creatures vanquished

Notes
Turn   | Place    | Note
-------+----------+-------------------------------------------
     0 | D:1      | BuddhaDhamma the Minotaur Berserker began the quest for the
                  | Orb.
     0 | D:1      | Reached XP level 1. HP: 19/19 MP: 0/0
    49 | D:1      | Reached skill level 4 in Axes
   216 | D:1      | Reached XP level 2. HP: 20/26 MP: 1/1
   537 | D:1      | Found a faded altar of an unknown god.
   733 | D:1      | Reached skill level 5 in Axes
   887 | D:1      | Reached XP level 3. HP: 28/31 MP: 2/2
   888 | D:1      | Reached ** piety under Trog
  2178 | D:3      | Reached skill level 6 in Axes
  2178 | D:3      | Reached XP level 4. HP: 39/39 MP: 3/3
  2596 | D:4      | Noticed a scorpion
  2599 | D:4      | Killed a scorpion
  2600 | D:4      | Reached skill level 7 in Axes
  2600 | D:4      | Reached XP level 5. HP: 40/45 MP: 4/4
  2625 | D:4      | Noticed an ogre
  2678 | D:4      | Killed an ogre
  2679 | D:4      | Reached skill level 8 in Axes
  2844 | D:4      | Noticed an ogre
  2855 | D:4      | Killed an ogre
  2856 | D:4      | Reached XP level 6. HP: 36/51 MP: 5/5
  2984 | D:4      | Reached skill level 9 in Axes
  3214 | D:4      | Found a glowing drain.
  3227 | Sewer    | Entered a sewer
  3316 | Sewer    | Reached *** piety under Trog
  3456 | Sewer    | Reached XP level 7. HP: 48/57 MP: 4/6
  3735 | Sewer    | Found a viscous altar of Jiyva.
  3756 | Sewer    | Reached skill level 10 in Axes
  4646 | D:5      | Entered Level 5 of the Dungeon
  4654 | D:5      | Reached skill level 11 in Axes
  4815 | D:5      | Reached XP level 8. HP: 38/64 MP: 2/7
  4954 | D:5      | Reached skill level 12 in Axes
  5217 | D:5      | Reached **** piety under Trog
  5346 | D:6      | Reached skill level 13 in Axes
  5949 | D:6      | Noticed Sigmund
  5966 | D:6      | Killed Sigmund
  5967 | D:6      | Reached skill level 14 in Axes
  6222 | D:6      | Reached XP level 9. HP: 65/70 MP: 6/8
  6363 | D:6      | Noticed Blork the orc
  6370 | D:6      | Killed Blork the orc
  7115 | D:6      | Reached skill level 15 in Axes
  7614 | D:6      | Found a sparkling altar of Nemelex Xobeh.
  8018 | D:7      | Noticed Dowan
  8018 | D:7      | Noticed Duvessa
  8026 | D:7      | Killed Duvessa
  8033 | D:7      | Killed Dowan
  8046 | D:7      | Noticed Pikel
  8061 | D:7      | Killed Pikel
  8062 | D:7      | Reached skill level 16 in Axes
  8063 | D:7      | Noticed a troll
  8069 | D:7      | Killed a troll
  8283 | D:7      | Identified the +0 dagger of Ointment {vorpal, Will+ Dex+2}
  8365 | D:7      | Found a staircase to the Ecumenical Temple.
  8891 | D:8      | Reached skill level 17 in Axes
  8891 | D:8      | Reached XP level 10. HP: 48/77 MP: 6/9
  9049 | D:8      | Noticed Grum
  9060 | D:8      | Killed Grum
 10365 | D:9      | Found a staircase to the Orcish Mines.
 10530 | D:9      | HP: 2/115 [something (13)]
 10532 | D:9      | Killed from afar by a vampire

Illustrated notes

Levels and vault maps discovered:
D:1:      shiori_arrival_elements, layout_loops_ring,
          shapermc_ecumenical_altar_totnotflames, minmay_misc_feat_encased
D:2:      layout_loops_ring
D:3:      layout_basic
D:4:      layout_loops_corners, gup_sewer_entry_pipe
D:5:      layout_rooms, goddamned_bats
D:6:      layout_loops_ring, nemelex_diamond_rough_becter, uniq_blork_the_orc,
          uniq_sigmund
D:7:      layout_cave_pools, minmay_temple_entry_hall, uniq_pikel, uniq_duvessa
D:8:      layout_rooms, uniq_grum
D:9:      hangedman_screamer, layout_basic, grunt_temple_overflow_diamond,
          minmay_misc_feat_roman, uniq_harold

Skill      XL: |  1  2  3  4  5  6  7  8  9 |
---------------+----------------------------+-----
Axes           | 4 5 6 7 8 9 11 14 17 | 17.9
Fighting       | |  3.6
Armour         | |  2.4
Dodging        | |  2.1

Action                   |  1- 3 |  4- 6 |  7- 9 | 10-12 || total
-------------------------+-------+-------+-------+-------++-------
Melee: Hand axe          |    94 |    84 |   235 |       ||   413
       Headbutt          |     6 |    13 |    43 |    16 ||    78
       Punch             |       |       |     5 |       ||     5
       War axe           |       |       |    60 |    70 ||   130
Throw: Javelin           |    22 |    37 |    29 |     4 ||    92
Invok: Berserk           |       |     1 |     3 |     1 ||     5
       Brothers in Arms  |       |       |     1 |       ||     1
Evoke: Wand              |       |       |     3 |       ||     3
  Use: Scroll            |     7 |       |    11 |       ||    18
       Potion            |       |       |     3 |       ||     3
 Stab: Sleeping          |     3 |       |       |       ||     3
Armor: Animal skin       |     2 |       |       |       ||     2
       Plate armour      |    37 |    31 |   130 |    22 ||   220
Dodge: Dodged            |    44 |    39 |   169 |    21 ||   273
